 Seeded DCSS version 0.31-a0-360-gb3e1d13bf4 (webtiles) character file.

Game seed: 13532415758814214178 (custom seed)

70 innerfire43 the Trooper (level 4, -2/35 HPs)
             Began as a Demonspawn Monk on July 26, 2023.
             Killed from afar by an electric eel (3 damage)
             ... with a bolt of electricity
             ... on level 3 of the Dungeon.
             The game lasted 00:02:17 (2167 turns).

innerfire43 the Trooper (Demonspawn Monk)           Turns: 2167, Time: 00:02:18

Health: -2/35      AC:  9    Str: 14    XL:     4   Next: 3%
Magic:  4/4        EV: 13    Int: 11    God:
Gold:   182        SH:  0    Dex: 15    Spells: 3/3 levels left

rFire   + + .        m - +5 trident "Spiderbane" {protect, rF+}
rCold   + . .        d - orb {light}
rNeg    . . .        b - +0 robe
rPois   +            (helmet currently unavailable)
rElec   +            (cloak currently unavailable)
rCorr   +            (gloves currently unavailable)
SInv    .            (boots currently unavailable)
Will    .....        (no amulet)
Stlth   +            (no ring)
HPRegen 0.25/turn    (no ring)
MPRegen 0.09/turn

%: no passive effects
@: confused, beast-form, resistant, ambrosia-drunk, under a protective aura,
glowing
A: beast (slay +1), hooves 1, large bone plates 1, foul stench 1
a: Begin Untransformation


You were on level 3 of the Dungeon.
You were a hulking beast.
You visited 1 branch of the dungeon, and saw 3 of its levels.

You collected 369 gold pieces.
You spent 187 gold pieces at shops.

Inventory:

Hand Weapons
 a - a +0 spear
 m - the +5 trident "Spiderbane" (weapon) {protect, rF+}
   (You bought it in a shop on level 3 of the Dungeon)

   rF:        It protects you from fire.
Armour
 b - a +0 robe (worn)
 d - an orb of light (worn)
Jewellery
 r - a ring of wizardry
Talismans
 j - a beast talisman
Wands
 t - a wand of flame (30)
Scrolls
 g - a scroll of identify {unknown}
 k - a scroll of poison {unknown}
 o - a scroll of enchant armour {unknown}
 q - a scroll of fog {unknown}
Potions
 i - a potion of enlightenment {unknown}
 l - a potion of might {unknown}
 n - a potion of invisibility {unknown}
 p - a potion of mutation {unknown}
 s - a potion of brilliance {unknown}


   Skills:
 - Level 3.2 Fighting
 - Level 3.0 Polearms
 - Level 3.0 Dodging
 * Level 2.1 Shapeshifting


You had 3 spell levels left.
You didn't know any spells.
Your spell library contained the following spells:

 Spells                   Type           Power      Damage    Failure   Level
 Scorch                   Fire           0%         2d5       47%         2
 Flame Wave               Conj/Fire      0%         2d4       98%         4
 Summon Cactus Giant      Summ           0%         N/A       100%        6


Dungeon Overview and Level Annotations

Branches:
Dungeon (3/15)

Altars:

Shops:
D:3 (

Annotations:
D:3 1 transporter


Innate Abilities, Weirdness & Mutations

You are a hulking beast.
Your limbs bulge with bestial killing power. (Slay +1)
You have large cloven feet.
You are partially covered in large bone plates. (SH +4)
You may rarely emit foul miasma when damaged in melee.


Message History

* * * LOW HITPOINT WARNING * * *
The bolt of electricity hits the electric eel.
The electric eel completely resists.
The bolt of electricity hits the electric eel.
The electric eel completely resists.
The bolt of electricity hits you. You resist.
* * * LOW HITPOINT WARNING * * *
The electric eel shoots out a bolt of lightning at you!
The bolt of electricity hits you. You resist.
* * * LOW HITPOINT WARNING * * *
The bolt of electricity misses the electric eel.
The bolt of electricity hits the electric eel.
The electric eel completely resists.
You hit the electric eel.
The electric eel is moderately wounded.
The electric eel shoots out a bolt of lightning at you!
The bolt of electricity misses you. x2
The electric eel shoots out a bolt of lightning at you!
The bolt of electricity hits you. You resist.
* * * LOW HITPOINT WARNING * * *
The bolt of electricity hits the electric eel.
The electric eel completely resists.
The bolt of electricity hits the electric eel.
The electric eel completely resists.
You bump into the translucent stone wall.
The electric eel shoots out a bolt of lightning at you!
The bolt of electricity hits you. You resist.
* * * LOW HITPOINT WARNING * * *
The bolt of electricity hits the electric eel.
The electric eel completely resists.
The bolt of electricity hits the electric eel.
The electric eel completely resists.
The bolt of electricity misses you.
The electric eel shoots out a bolt of lightning at you!
The bolt of electricity hits you. You resist.
* * * LOW HITPOINT WARNING * * *
The bolt of electricity hits you. You resist.
* * * LOW HITPOINT WARNING * * *
The electric eel shoots out a bolt of lightning at you!
The bolt of electricity hits you. You resist.
You die...

#...## ##...).## #.###.#.# #.
.....###.......## #..##.#.# #.
......#.........####.......#####.
.................................
......###############..#.#######.
......#8P#~~~~~~S#~8#.##.# ##
#.....#(.#.......#..#..#.# #
.....©#©$+...⌠...'.©#©...#
#.##..#.:#......h#..#..#.#
#.###.#8P#~~~~~SS#~8#.##.# #.#
#.###############.##.# #.#
#...........(.....##.# #.#
######...###########.#
#.#######.....###...# #.#
#.##................# ##'##
#....######.#####...###...##
###### #.# ##..##.....## ##


You could see 3 electric eels.

Vanquished Creatures
  An adder (D:3)
  2 worms (D:3)
  2 dart slugs
  4 ball pythons
  4 endoplasms
  2 giant cockroaches (D:1)
  5 goblins
  3 hobgoblins
  7 kobolds
  2 quokkas (D:3)
  9 bats
  3 frilled lizards
  3 rats
47 creatures vanquished.

Notes
Turn   | Place    | Note
-------+----------+-------------------------------------------
     0 | D:1      | innerfire43 the Demonspawn Monk began the quest for the
                  | Orb.
     0 | D:1      | Reached XP level 1. HP: 18/18 MP: 1/1
   161 | D:1      | Gained mutation: You are partially covered in large bone
                  | plates. (SH +4) [demonic ancestry]
   161 | D:1      | Reached XP level 2. HP: 24/24 MP: 2/2
   453 | D:1      | Reached skill level 1 in Shapeshifting
   607 | D:2      | Gained mutation: You have large cloven feet. [demonic
                  | ancestry]
   607 | D:2      | Reached XP level 3. HP: 29/29 MP: 3/3
  1467 | D:3      | Found a transporter.
  1483 | D:3      | Found a transporter.
  1530 | D:3      | Found Heteeque's Antique Weapon Boutique.
  1536 | D:3      | Bought a pitted trident for 187 gold pieces
  1536 | D:3      | Identified the +5 trident "Spiderbane" {protect, rF+} (You
                  | bought it in a shop on level 3 of the Dungeon)
  2048 | D:3      | Gained mutation: You may rarely emit foul miasma when
                  | damaged in melee. [demonic ancestry]
  2048 | D:3      | Reached XP level 4. HP: 35/35 MP: 4/4
  2167 | D:3      | HP: 1/35 [electric eel/bolt of electricity (1)]
  2167 | D:3      | Killed from afar by an electric eel

Illustrated notes

Levels and vault maps discovered:
D:1:      scummos_arrival_simple_crosswalls, layout_rooms
D:2:      layout_basic
D:3:      gammafunk_steamed_eel, layout_loops_corners, serial_shops, shop,
          minmay_gold_behind_fungi, dk_noncrumbling_3

Skill      XL: |  1  2  3 |
---------------+----------+-----
Shapeshifting  | 1 2 |  2.1
Polearms       | 3 |  3.0
Dodging        | 3 |  3.0
Fighting       | |  3.2

Action                     |  1- 3 |  4- 6 || total
---------------------------+-------+-------++-------
  Melee: Spear             |   100 |       ||   100
         Trident           |    23 |     4 ||    27
         Kick              |     8 |     1 ||     9
    Use: Potion            |       |     4 ||     4
 Armour: Robe              |    18 |       ||    18
  Dodge: Dodged            |    41 |     8 ||    49
  Block: Orb               |     7 |       ||     7
   Form: Beast             |     1 |       ||     1

Table legend: (Time is in decaauts)
 A = Elapsed time spent in this place.
 B = Non-inter-level travel time spent in this place.
 C = Inter-level travel time spent in this place.
 D = Time resting spent in this place.
 E = Time spent auto-exploring this place.
 F = Levels seen in this place.
 G = Mean time per level.
                   A        B        C        D        E       F      G
               +--------+--------+--------+--------+--------+-----+--------+
         Total |   2166 |   2050 |    116 |      0 |   1721 |   3 |  722.0 |
       Dungeon |   2166 |   2050 |    116 |      0 |   1721 |   3 |  722.0 |
               +--------+--------+--------+--------+--------+-----+--------+

Top non-repeatable levels by time:
     D:3: 997 daAuts
     D:2: 692 daAuts
     D:1: 476 daAuts
